 Dungeon Crawl Stone Soup version 0.22.1-6-g1668fe2 (webtiles) character file.

137 Kane the Covert (level 5, 0/25 HPs)
             Began as a Spriggan Assassin on Jan 23, 2019.
             Was an Initiate of Ru.
             Slain by an orc
             ... wielding a +7 flail
              (5 damage)
             ... on level 3 of the Dungeon.
             The game lasted 00:19:07 (3524 turns).

Kane the Covert (Spriggan Assassin)                 Turns: 3524, Time: 00:19:08

Health: 0/25       AC:  3    Str:  7    XL:     5   Next: 0%
Magic:  6/6        EV: 20    Int: 13    God:    Ru [......]
Gold:   190        SH:  0    Dex: 18    Spells: 4/4 levels left

rFire    . . .     SeeInvis +   a - +2 dagger
rCold    . . .     Gourm    .   (shield restricted)
rNeg     . . .     Faith    .   c - +0 robe
rPois    .         Spirit   .   (helmet restricted)
rElec    .         Reflect  .   d - +0 cloak
rCorr    .         Harm     .   (gloves unavailable)
MR       .....                  (boots unavailable)
Stlth    ++++......             (no amulet)
HPRegen  0.08/turn              (no ring)
MPRegen  0.10/turn              (no ring)

@: hasted, very quick
A: very small, unfitting armour, see invisible, herbivore, speed 3, slow
metabolism 2
a: Renounce Religion


You were on level 3 of the Dungeon.
You worshipped Ru.
Ru was noncommittal.
You were hungry.

You visited 1 branch of the dungeon, and saw 3 of its levels.

You collected 190 gold pieces.

Inventory:

Hand Weapons
 a - a +2 dagger (weapon)
 b - a +0 blowgun
 j - a +0 hunting sling
Missiles
 e - 8 poisoned needles
 f - 2 curare-tipped needles
 k - 107 stones (quivered)
 m - 22 bolts
 p - 42 arrows
 q - 30 sling bullets
Armour
 c - a +0 robe (worn)
 d - a +0 cloak (worn)
Jewellery
 l - an uncursed ring of magical power
 r - an uncursed amulet of harm
Wands
 h - a wand of scattershot (6)
Scrolls
 i - a scroll of remove curse
 n - a scroll of fear
 s - a scroll of blinking {unknown}
 u - a scroll of identify
Potions
 o - a potion of haste
 t - a potion of agility {unknown}
Comestibles
 g - 7 rations


   Skills:
 - Level 1.5 Fighting
 + Level 2.8 Short Blades
 - Level 2.0 Throwing
 * Level 4.4 Dodging
 - Level 8.0 Stealth


You had 4 spell levels left.
You didn't know any spells.
Your spell library was empty.

Dungeon Overview and Level Annotations

Branches:
Dungeon (3/15)

Altars:
Cheibriados
Ru
Yredelemnul
Beogh

Annotations:
D:3 emiel's ghost, amateur DrWz


Innate Abilities, Weirdness & Mutations

You are very small and have problems with some larger weapons.
You are too small for most types of armour.
You have supernaturally acute eyesight. (SInv)
You are a herbivore.
You cover ground extremely quickly.
You need to consume almost no food.


Message History

You hit the orc but do no damage.
The orc is moderately wounded.
The orc closely misses you.
You hit the orc.
The orc is heavily wounded.
You hit the orc but do no damage.
The orc is heavily wounded.
The orc hits you with an enchanted flail.
You hit the orc but do no damage.
The orc is heavily wounded.
The orc closely misses you.
You hit the orc but do no damage.
The orc is heavily wounded.
The orc hits you with an enchanted flail.
* * * LOW HITPOINT WARNING * * *
Drop what? 21/52 slots (_ for help) (? for menu, Esc to quit)
Okay, then.
You feel yourself speed up.
The orc hits you with an enchanted flail.
You die...

#............ #.#....#..#.
#.#8#..8.W#8# #.#.#..[..#.
#.###.....###.#.........#.
#....#####o.o.#.#.........
#....o........#.####.....#
#######'o'######.# #####..
#8.............8.# ##.
########o#######.# #.
#Wo@......#########.
#########...........
############


You could see emiel's ghost and 2 orcs.

Vanquished Creatures
  An orc wizard (D:3)
  Terence (D:3)
  An adder (D:3)
  2 dart slugs (D:1)
  3 leopard geckos
  8 orcs
  2 giant cockroaches
  8 goblins
  4 hobgoblins
  7 jackals
  2 kobolds
  A quokka (D:2)
  10 bats
  4 frilled lizards
  4 rats
58 creatures vanquished.

Notes
Turn   | Place    | Note
-------+----------+-------------------------------------------
     0 | D:1      | Kane the Spriggan Assassin began the quest for the Orb.
     0 | D:1      | Reached XP level 1. HP: 10/10 MP: 2/2
    78 | D:1      | Reached skill level 6 in Stealth
   180 | D:1      | Reached XP level 2. HP: 11/14 MP: 3/3
   652 | D:1      | Reached XP level 3. HP: 14/18 MP: 4/4
  1102 | D:2      | Found a sacrificial altar of Ru.
  1125 | D:2      | Became a worshipper of Ru the Awakened
  2261 | D:2      | Reached skill level 7 in Stealth
  2281 | D:2      | Found a snail-covered altar of Cheibriados.
  2281 | D:2      | Found a basalt altar of Yredelemnul.
  2604 | D:3      | Noticed Terence
  2607 | D:3      | Killed Terence
  2607 | D:3      | Reached XP level 4. HP: 22/22 MP: 5/5
  3218 | D:3      | Reached skill level 8 in Stealth
  3359 | D:3      | Found a runed gate.
  3359 | D:3      | Found a runed gate.
  3360 | D:3      | Found a runed gate.
  3362 | D:3      | Noticed emiel's ghost (amateur DrWz)
  3364 | D:3      | Found a roughly hewn altar of Beogh.
  3511 | D:3      | Reached XP level 5. HP: 14/25 MP: 6/6
  3524 | D:3      | Slain by an orc

Skill      XL: |  1  2  3  4 |
---------------+-------------+-----
Stealth        | 6 7 8 |  8.0
Dodging        | 2 3 4 |  4.4
Fighting       | |  1.5
Short Blades   | |  2.8
Throwing       | |  2.0

Action                   |  1- 3 |  4- 6 || total
-------------------------+-------+-------++-------
Melee: Dagger            |   116 |   108 ||   224
Throw: Stone             |     1 |       ||     1
  Use: Scroll            |     3 |     5 ||     8
       Potion            |     3 |     2 ||     5
 Stab: Sleeping          |     7 |     6 ||    13
       Distracted        |       |     1 ||     1
Armor: Robe              |     9 |     3 ||    12
Dodge: Dodged            |    79 |    71 ||   150
